 Dungeon Crawl Stone Soup version 0.18.1-50-g88ac8fd (webtiles) character file.

723 hrelias the Skirmisher (level 7, 0/64 HPs)
             Began as a Minotaur Fighter on Oct 18, 2016.
             Was a Follower of Elyvilon.
             Slain by an orc warrior
             ... wielding a +0 flail
              (8 damage)
             ... on level 5 of the Dungeon.
             The game lasted 00:22:36 (3769 turns).

hrelias the Skirmisher (Minotaur Fighter)           Turns: 3769, Time: 00:22:36

Health: 0/64       AC:  6    Str: 23    XL:     7   Next: 43%
Magic:  6/6        EV:  8    Int:  5    God:    Elyvilon [*.....]
Gold:   245        SH: 10    Dex:  9    Spells: 0 memorised, 6 levels left

rFire  . . .     SeeInvis .     H - -2 morningstar (curse)
rCold  . . .     Gourm    .     o - +0 ring mail
rNeg   . . .     Faith    .     c - +0 shield
rPois  .         Spirit   .     (helmet restricted)
rElec  .         Dismiss  .     (no cloak)
rCorr  .         Reflect  .     (no gloves)
SustAt .         Harm     .     (no boots)
MR     .....                    (no amulet)
Stlth  ..........               (no ring)
                                (no ring)

@: drained, not resistant to hostile enchantments, extremely unstealthy
A: retaliatory headbutt, horns 2
a: Lesser Healing, Divine Protection, Renounce Religion


You were on level 5 of the Dungeon.
You worshipped Elyvilon.
Elyvilon was aware of your devotion.
You were very hungry.

You visited 1 branch of the dungeon, and saw 5 of its levels.

You collected 245 gold pieces.

Inventory:

Hand Weapons
 a - a +0 war axe
 h - a +0 club
 H - a cursed -2 morningstar (weapon)
Armour
 b - a +0 scale mail
 c - a +0 shield (worn)
 j - a +0 leather armour
 o - a +0 ring mail (worn)
 p - a +0 robe
 w - a +0 helmet
 J - a +0 centaur barding
 K - a +0 ring mail
Jewellery
 l - an uncursed amulet of regeneration {unknown}
 n - an uncursed ring of protection from magic {unknown}
 C - an uncursed ring of wizardry {unknown}
Wands
 u - a wand of disintegration (11/24)
 y - a wand of random effects (33/48)
 N - a wand of iceblast (9/15)
Scrolls
 k - 4 scrolls of identify {unknown}
 m - 3 scrolls of remove curse {unknown}
 r - a scroll of recharging {unknown}
 v - a scroll of fog {unknown}
 x - 2 scrolls of blinking {unknown}
 D - a scroll of fear {unknown}
 E - 2 scrolls of random uselessness {unknown}
 G - a scroll of amnesia {unknown}
 I - 5 scrolls of magic mapping {unknown}
 L - a scroll of enchant armour {unknown}
Potions
 d - a potion of might
 e - 4 potions of curing
 g - a potion of lignification {unknown}
 s - 2 potions of flight {unknown}
 t - a potion of haste {unknown}
 z - a potion of heal wounds {unknown}
 A - a potion of agility {unknown}
 B - a potion of magic {unknown}
 M - a potion of mutation {unknown}
Comestibles
 f - 5 bread rations
 i - 3 fruits
 q - 2 beef jerkies
 F - a royal jelly


   Skills:
 * Level 6.9(6.2) Fighting
 + Level 5.0(4.3) Axes
 + Level 5.6(4.9) Armour
 - Level 0.4(0.0) Dodging
 + Level 5.9(5.2) Shields


You had 6 spell levels left.
You didn't know any spells.

Dungeon Overview and Level Annotations

Branches:
Dungeon (5/15)
 Temple: D:4-7

Altars:
Dithmenos
Elyvilon
Nemelex Xobeh
Sif Muna
Vehumet


Innate Abilities, Weirdness & Mutations

You reflexively headbutt those who attack you in melee.
You have a pair of horns on your head.


Message History

The orc shouts!
An orc warrior comes into view. It is wielding a flail.
An orc warrior is nearby!
The orc warrior shouts!
An orc priest comes into view. It is wielding a whip.
The orc priest shouts!
An orc comes into view. It is wielding a hand axe.
The orc shouts!
The orc priest looks braver for a moment.
You hit the orc warrior but do no damage.
The orc warrior hits you with a flail!
You barely miss the orc warrior. The orc warrior hits you with a flail!
The orc warrior hits you with a flail!!
* * * LOW HITPOINT WARNING * * *
You closely miss the orc warrior.
The orc priest mumbles some strange prayers to Beogh against you.
Beogh smites you!
* * * LOW HITPOINT WARNING * * *
The orc warrior hits you with a flail!
You die...

......... #.#
.....###. #.# ...
#. #.# ##.#####.
#o# #....... #o#
#######. #o# ## #o#
########## #@#
#.......>. ##.#
#.######## #..#
####.######.. #.##
#........##.. #.#
#.##.###.##.. #.#
#.##.# #..... #.#
###.##.# ###### #.#
#......########
#.###.#.#..##......


You could see an orc warrior, an orc priest and 2 orcs.

Vanquished Creatures
  A phantom (D:5)
  2 ogres
  A scorpion (D:5)
  A crimson imp (D:5)
  2 hounds
  Jessica (D:2)
  2 orc wizards (D:5)
  2 worker ants
  A killer bee zombie (D:5)
  4 adders
  A shadow imp (D:5)
  An ooze (D:5)
  2 worms (D:3)
  2 dart slugs
  A giant gecko (D:1)
  14 orcs
  4 giant cockroaches
  8 goblins
  5 hobgoblins
  23 jackals
  2 quokkas
  7 bats
  4 giant newts
  9 kobolds
  11 rats
  A plant (D:1)
  3 toadstools (D:1)
115 creatures vanquished.

Vanquished Creatures (others)
  A toadstool (D:1)
1 creature vanquished.

Grand Total: 116 creatures vanquished

Notes
Turn   | Place    | Note
--------------------------------------------------------------
     0 | D:1      | hrelias the Minotaur Fighter began the quest for the Orb.
     0 | D:1      | Reached XP level 1. HP: 19/19 MP: 0/0
   123 | D:1      | Reached XP level 2. HP: 19/27 MP: 1/1
   532 | D:1      | Reached skill level 4 in Fighting
   924 | D:2      | Found a shadowy altar of Dithmenos.
   970 | D:2      | Reached XP level 3. HP: 27/33 MP: 2/2
  1276 | D:2      | Noticed Jessica
  1291 | D:2      | Reached XP level 4. HP: 35/41 MP: 3/3
  1292 | D:2      | Killed Jessica
  1301 | D:2      | Found a radiant altar of Vehumet.
  1647 | D:3      | Reached XP level 5. HP: 31/47 MP: 4/4
  1843 | D:3      | Found a white marble altar of Elyvilon.
  1850 | D:3      | Became a worshipper of Elyvilon the Healer
  1960 | D:3      | Found a deep blue altar of Sif Muna.
  2233 | D:4      | Reached skill level 5 in Fighting
  2355 | D:4      | Noticed an ogre
  2366 | D:4      | Killed an ogre
  2366 | D:4      | Reached skill level 5 in Shields
  2671 | D:4      | Reached XP level 6. HP: 41/56 MP: 5/5
  3070 | D:5      | Entered Level 5 of the Dungeon
  3154 | D:5      | Reached skill level 5 in Armour
  3185 | D:5      | Reached * piety under Elyvilon
  3258 | D:5      | Reached skill level 6 in Fighting
  3381 | D:5      | Reached XP level 7. HP: 47/64 MP: 6/6
  3623 | D:5      | Reached skill level 5 in Axes
  3701 | D:5      | Found a sparkling altar of Nemelex Xobeh.
  3769 | D:5      | Slain by an orc warrior

Skill      XL: |  1  2  3  4  5  6  7 |
---------------+----------------------+-----
Shields        | 4 5 |  5.9
Fighting       | 4 5 6 |  6.9
Armour         | 4 5 |  5.6
Axes           | 3 4 5 |  5.0
Dodging        | |  0.4

Action                   |  1- 3 |  4- 6 |  7- 9 || total
-------------------------+-------+-------+-------++-------
Melee: War axe           |   123 |   106 |       ||   229
       Headbutt          |    19 |    29 |    13 ||    61
       Morningstar       |       |    71 |    43 ||   114
  Eat: Beef jerky        |       |     1 |       ||     1
       Meat ration       |       |     1 |       ||     1
       Fruit             |       |     1 |       ||     1
       Chunk             |       |     1 |       ||     1
Armor: Scale mail        |    82 |    64 |       ||   146
       Ring mail         |       |    13 |     8 ||    21
Dodge: Dodged            |    34 |    65 |    14 ||   113
Block: Shield            |    53 |   120 |    22 ||   195
